 Dungeon Crawl Stone Soup version 0.29.1-15-g9cfb28693d (webtiles) character file.

Game seed: 12281927202557369325

62 Silvore the Slasher (level 3, -2/28 HPs)
             Began as a Demonspawn Gladiator on May 1, 2023.
             Slain by a gnoll
             ... wielding a +0 halberd
              (5 damage)
             ... on level 3 of the Dungeon.
             The game lasted 00:02:15 (2346 turns).

Silvore the Slasher (Demonspawn Gladiator)          Turns: 2346, Time: 00:02:16

Health: -2/28      AC:  7    Str: 16    XL:     3   Next: 85%
Magic:  3/3        EV: 11    Int:  9    God:
Gold:   133        SH:  0    Dex: 14    Spells: 2/2 levels left

rFire   . . .      SeeInvis .   i - +2 double sword (protect)
rCold   . . .      Faith    .   (no shield)
rNeg    . . .      Spirit   .   h - +0 ring mail
rPois   .          Reflect  .   c - +0 helmet
rElec   .          Harm     .   (no cloak)
rCorr   .          Rampage  .   (no gloves)
Will    .....                   (no boots)
Stlth   +.........              (no amulet)
HPRegen 0.09/turn               (no ring)
MPRegen 0.08/turn               (no ring)

@: no status effects
A: rugged brown scales 1
a: no special abilities


You were on level 3 of the Dungeon.
You visited 1 branch of the dungeon, and saw 3 of its levels.

You collected 133 gold pieces.

Inventory:

Hand Weapons
 a - a +0 long sword
 i - a +2 double sword of protection (weapon)
Missiles
 d - 3 throwing nets (quivered)
 e - a javelin
Armour
 b - a +0 leather armour
 c - a +0 helmet (worn)
 h - a +0 ring mail (worn)
Scrolls
 g - 2 scrolls of identify
Potions
 f - a potion of brilliance
 j - a potion of might {unknown}
 k - a potion of attraction {unknown}
 l - 2 potions of resistance {unknown}


   Skills:
 + Level 2.4 Fighting
 + Level 3.4 Long Blades
 + Level 1.8 Throwing
 + Level 1.1 Armour
 + Level 3.2 Dodging


You had 2 spell levels left.
You didn't know any spells.
Your spell library contained the following spells:

 Spells                   Type           Power      Damage    Failure   Level
 Freeze                   Ice            0%         1d3       61%         1
 Frozen Ramparts          Ice            0%         1d1       93%         3
 Hailstorm                Conj/Ice       0%         3d3       100%        4


Dungeon Overview and Level Annotations

Branches:
Dungeon (3/15)

Altars:


Innate Abilities, Weirdness & Mutations

You are partially covered in rugged brown scales. (AC +1, +3% HP)


Message History

There is a stone staircase leading down here.
You climb downwards.
There is a stone staircase leading up here.
A gnoll comes into view. It is wielding a +0 halberd.
The gnoll shouts!
A ball python comes into view.
A gnoll comes into view. It is wielding a +0 halberd.
There are monsters nearby!
Found a stone staircase leading down.
The ball python hisses angrily.
The gnoll shouts!
You hear a shout! x2
A gnoll comes into view. It is wielding a +0 spear.
Found 12 gold pieces.
The gnoll closely misses you.
You closely miss the gnoll. The gnoll closely misses you.
The ball python barely misses you. The ball python closely misses you.
You completely miss the gnoll. The ball python closely misses you.
The ball python grabs you. The ball python constricts you.
The gnoll hits you with a +0 halberd. The gnoll barely misses you.
You closely miss the gnoll. The ball python barely misses you.
The ball python constricts you. The gnoll hits you with a +0 halberd!
The gnoll hits you from afar with a +0 spear!
The ball python bites you but does no damage.
The ball python constricts you. The gnoll hits you but does no damage.
The gnoll barely misses you.
You slash the gnoll!
Your weapon exudes an aura of protection.
The gnoll is almost dead.
The ball python closely misses you. The ball python constricts you.
The gnoll hits you with a +0 halberd.
* * * LOW HITPOINT WARNING * * *
A gnoll comes into view. It is wielding a +0 spear.
The gnoll hits you but does no damage.
Okay, then.
The ball python's grasp on you weakens, but your attempt to escape fails.
The ball python bites you.
* * * LOW HITPOINT WARNING * * *
The ball python constricts you. The gnoll completely misses you.
The gnoll closely misses you.
You escape the ball python's grasp.
The gnoll hits you from afar with a +0 halberd.
You die...

.. ## ## .. ##..
.##$ ...g### ...
..#..#. .. .
#.....g g# .#
.....#.#g##.#
#.#.....S....#
#.#.>...@..###
#.######.#.#
#.#...#....#
#####...#.#..###
##.......#.#..#
#.............#
#....<.....#..#
#.##....##...##
#....#.###.###


You could see 4 gnolls and a ball python.

Vanquished Creatures
  2 adders (D:2)
  3 dart slugs (D:1)
  7 ball pythons
  A bat (D:1)
  3 endoplasms (D:1)
  6 goblins
  7 hobgoblins
  2 quokkas
  A frilled lizard (D:1)
  A kobold (D:1)
  2 rats
35 creatures vanquished.

Notes
Turn   | Place    | Note
-------+----------+-------------------------------------------
     0 | D:1      | Silvore the Demonspawn Gladiator began the quest for the
                  | Orb.
     0 | D:1      | Reached XP level 1. HP: 16/16 MP: 1/1
   347 | D:1      | Gained mutation: You are partially covered in rugged brown
                  | scales. (AC +1, +3% HP) [demonic ancestry]
   347 | D:1      | Reached XP level 2. HP: 16/22 MP: 2/2
   836 | D:1      | Reached XP level 3. HP: 24/27 MP: 3/3
  1620 | D:2      | Reached skill level 1 in Armour
  2026 | D:2      | Identified a scroll of acquirement
  2026 | D:2      | Acquired a +2 double sword of protection
  2203 | D:2      | Found a faded altar of an unknown god.
  2346 | D:3      | Slain by a gnoll

Illustrated notes

Levels and vault maps discovered:
D:1:      lemuel_arrival_lava_pool, layout_basic, minmay_misc_feat_tiny
D:2:      layout_rooms, shapermc_ecumenical_altar_hornbeckon,
          hangedman_decor_riveting
D:3:      layout_basic, nicolae_dithmenos_shadow_blocks,
          nicolae_sif_muna_condensation, ebering_ghost_rock_garden

Skill      XL: |  1  2  3 |
---------------+----------+-----
Dodging        | 3 |  3.2
Long Blades    | 3 |  3.4
Armour         | 1 |  1.1
Fighting       | |  2.4
Throwing       | |  1.8

Action                   || total
-------------------------++-------
Melee: Long sword        ||   115
       Double sword      ||    20
  Use: Scroll            ||     4
Armor: Leather armour    ||    23
       Ring mail         ||    46
Dodge: Dodged            ||   103
